 Dungeon Crawl Stone Soup version 0.24-a0-584-g9d6b971ae4 (webtiles) character file.

Game seed: 6309607745803363706, levelgen mode: deterministic

32 Mithandil the Skirmisher (level 3, -4/29 HPs)
             Began as a Demonspawn Abyssal Knight on Sept 6, 2019.
             Was a Follower of Lugonu.
             Slain by Sigmund
             ... wielding a +0 scythe
              (9 damage)
             ... on level 2 of the Dungeon.
             The game lasted 00:05:13 (998 turns).

Mithandil the Skirmisher (Demonspawn Abyssal Knight) Turns: 998, Time: 00:05:14

Health: -4/29      AC:  5    Str: 13    XL:     3   Next: 8%
Magic:  4/4        EV: 10    Int: 13    God:    Lugonu [*.....]
Gold:   22         SH:  0    Dex: 10    Spells: 2/2 levels left

rFire    . . .     SeeInvis .   a - +1 falchion
rCold    . . .     Gourm    .   (no shield)
rNeg     . . .     Faith    .   d - +0 ring mail
rPois    .         Spirit   .   (no helmet)
rElec    .         Reflect  .   (no cloak)
rCorr    .         Harm     .   (no gloves)
MR       .....                  (no boots)
Stlth    +.........             (no amulet)
HPRegen  0.09/turn              (no ring)
MPRegen  0.09/turn              (no ring)

@: confused
A: hooves 1, clumsy 1, nightstalker 1
a: Depart the Abyss, Renounce Religion


You were on level 2 of the Dungeon.
You worshipped Lugonu.
Lugonu was aware of your devotion.
You were not hungry.

You visited 1 branch of the dungeon, and saw 3 of its levels.
You visited the Abyss 1 time.

You collected 22 gold pieces.

Inventory:

Hand Weapons
 a - a +1 falchion (weapon)
 b - a +0 dagger
Missiles
 i - 68 stones (quivered)
Armour
 d - a +0 ring mail (worn)
 e - a +0 plate armour
Comestibles
 c - 3 rations


   Skills:
 + Level 3.1 Fighting
 * Level 2.3 Long Blades
 + Level 2.0 Armour
 + Level 1.2 Dodging
 * Level 0.5 Stealth
 + Level 0.8 Unarmed Combat
 - Level 2.4 Invocations


You had 2 spell levels left.
You didn't know any spells.
Your spell library was empty.

Dungeon Overview and Level Annotations

Branches:
Dungeon (3/15)

Altars:

Annotations:
D:2 Sigmund


Innate Abilities, Weirdness & Mutations

You are slightly more attuned to the shadows.
You have large cloven feet.
You are clumsy. (Dex -2)


Message History

You miss something. Something completely misses you.
You hit something.
You hear some strange, mumbled words.
You are confused.
Something hits you.
You bump into the rock wall.
You bump into the rock wall.
You hear some strange, mumbled words.
You are more confused.
You completely miss something. Something hits you. Something hits you.
You bump into the rock wall.
Something hits you.
There is a stone staircase leading down here.
You hear some strange, mumbled words.
A puff of flame appears from out of thin air!
The puff of flame hits you!
* * * LOW HITPOINT WARNING * * *
Something hits you!
You die...

#. #. #. ##.##
####...# ..?....#
.......# ######{### .
#@..# #. .######...#
#.............#
#..#.#####.#.##
#..#.......#.#
#..##.#<#..#.#
#.....#....#.#
#.####...#####..#.#
...........#....#.##.#


There were no monsters in sight!

Vanquished Creatures
  An ooze (D:1)
  2 dart slugs (D:1)
  5 goblins (D:1)
  4 hobgoblins (D:1)
  3 jackals (D:1)
  2 kobolds (D:1)
  A frilled lizard (D:1)
  2 rats (D:1)
20 creatures vanquished.

Notes
Turn   | Place    | Note
-------+----------+-------------------------------------------
     0 | Abyss:1  | Mithandil the Demonspawn Abyssal Knight began the quest for
                  | the Orb.
     0 | Abyss:1  | Reached XP level 1. HP: 18/18 MP: 2/2
    55 | Abyss:1  | Noticed a thrashing horror
    56 | D:1      | Escaped the Abyss
   147 | D:1      | Reached skill level 1 in Dodging
   202 | D:1      | Gained mutation: You are slightly more attuned to the
                  | shadows. [demonic ancestry]
   202 | D:1      | Reached XP level 2. HP: 20/24 MP: 3/3
   206 | D:1      | Reached * piety under Lugonu
   637 | D:1      | Gained mutation: You are clumsy. (Dex -2) [potion of
                  | mutation]
   637 | D:1      | Gained mutation: You have large cloven feet. [potion of
                  | mutation]
   705 | D:1      | Reached XP level 3. HP: 29/29 MP: 4/4
   781 | D:2      | Noticed Sigmund
   998 | D:2      | Slain by Sigmund

Levels and vault maps discovered:
D:1:      zelgadis_glass_arrival_small, layout_basic
D:2:      layout_loops_ring, lemuel_crystal_altar, uniq_sigmund, uniq_natasha
D:3:      layout_loops_ring, first_ration, nemelex_xobeh_ov_fountains_minmay

Skill      XL: |  1  2 |
---------------+-------+-----
Dodging        | 1 |  1.2
Long Blades    | 2 |  2.3
Armour         | 2 |  2.0
Fighting       | |  3.1
Stealth        | |  0.5
Unarmed Combat | |  0.8
Invocations    | |  2.4

Action                   || total
-------------------------++-------
Melee: Falchion          ||    60
       Kick              ||     2
Invok: Depart the Abyss  ||     1
  Use: Potion            ||     2
       Scroll            ||     5
 Stab: Sleeping          ||     3
Armor: Plate armour      ||    11
       Ring mail         ||    12
Dodge: Dodged            ||    20
       Rpst.: Falchion   ||     5

Table legend:
 A = Non-vault XP
 B = Vault XP
 C = Vault XP percentage of total XP
 D = Non-vault monster count
 E = Vault monster count
 F = Vault count percentage of total count
                 A         B        C        D         E       F
            +---------+---------+-------+---------+---------+-------
      Total |      46 |       0 |   0.0 |      20 |       0 |   0.0
            +---------+---------+-------+---------+---------+-------
        D:1 |      46 |       0 |   0.0 |      20 |       0 |   0.0
            +---------+---------+-------+---------+---------+-------
